 Dungeon Crawl Stone Soup version 0.27.1-15-g792fb953b9 (webtiles) character file.

Game seed: 216956884643676522

65 croobank the Slasher (level 4, -7/37 HPs)
             Began as a Barachi Monk on Nov 19, 2021.
             Killed from afar by Ijyb (13 damage)
             ... with a bolt of acid
             ... on level 3 of the Dungeon.
             The game lasted 00:11:57 (2613 turns).

croobank the Slasher (Barachi Monk)                 Turns: 2613, Time: 00:11:57

Health: -7/37      AC:  1    Str: 13    XL:     4   Next: 13%
Magic:  4/4        EV:  7    Int: 11    God:
Gold:   57         SH: 11    Dex: 14    Spells: 3/3 levels left

rFire    . . .     SeeInvis .   a - +0 falchion
rCold    . . .     Faith    .   e - +0 tower shield
rNeg     . . .     Spirit   .   p - +0 ring mail
rPois    .         Reflect  .   (no helmet)
rElec    .         Harm     .   (no cloak)
rCorr    .         Rampage  .   (no gloves)
Will     .....                  (no boots)
Stlth    +.........             l - amulet of regeneration
HPRegen  1.12/turn              (no ring)
MPRegen  0.09/turn              (no ring)

@: corroded, slow
A: amphibious, slowness 1, strong legs 1, +LOS
a: Hop


You were on level 3 of the Dungeon.
You visited 1 branch of the dungeon, and saw 3 of its levels.

You collected 57 gold pieces.

Inventory:

Hand Weapons
 a - a +0 falchion (weapon)
 f - a +0 short sword
 i - a +0 hand axe
 j - a +0 trident
 n - a +2 dagger of venom
Missiles
 g - 39 stones
 r - 4 poisoned darts (quivered)
Armour
 b - a +0 robe
 e - a +0 tower shield (worn)
 p - a +0 ring mail (worn)
Jewellery
 c - an amulet of magic regeneration
 l - an amulet of regeneration (around neck)
Scrolls
 o - a scroll of blinking
 q - a scroll of enchant armour {unknown}
Potions
 d - 2 potions of mutation {unknown}
 k - 3 potions of heal wounds {unknown}
 m - a potion of lignification {unknown}


   Skills:
 + Level 4.1 Fighting
 + Level 4.3 Long Blades
 + Level 3.7 Dodging
 + Level 2.3 Stealth
 * Level 1.5 Shields


You had 3 spell levels left.
You didn't know any spells.
Your spell library was empty.

Dungeon Overview and Level Annotations

Branches:
Dungeon (3/15)

Altars:
Nemelex Xobeh

Annotations:
D:3 Ijyb, Sigmund


Innate Abilities, Weirdness & Mutations

You are amphibious.
You cover ground slowly.
You can hop short distances.
You have an extended range of vision and can be seen from far away.


Message History

You aren't carrying any items that you can evoke without wielding.
Throw: 8 darts (poison)
Press: ? - help, Q - select action, (/) - cycle Shift-Dir - straight line, f - Sigmund
Aim: Sigmund, wielding a +0 scythe and wearing a +0 robe (heavily wounded, 57% to hit)
You throw a poisoned dart.
The poisoned dart barely misses Sigmund.
Sigmund casts a spell.
Sigmund flickers and vanishes!
Deactivating autopickup; reactivate with Ctrl-A.
There is an escape hatch in the ceiling here.
Something hits you. A mysterious force pulls you upwards.
The hatch slams shut behind you.
Reactivating autopickup.
You start resting.
HP restored.
There is a stone staircase leading down here.
You start waiting.
You are ready to hop once more.
You climb downwards.
Level annotation: Sigmund
There is a stone staircase leading up here.
Ijyb the Twisted Goblin comes into view.
She is wielding a +0 dagger and carrying a wand of acid (3).
Ijyb shouts!
Throw: 7 darts (poison)
Press: ? - help, Q - select action, (/) - cycle Shift-Dir - straight line, f - Ijyb
Aim: Ijyb, wielding a +0 dagger, wearing a +0 chain mail and carrying a wand of acid (3) (57% to hit)
You throw a poisoned dart. The poisoned dart hits Ijyb.
Ijyb is poisoned.
Throw: 6 darts (poison)
Press: ? - help, Q - select action, (/) - cycle Shift-Dir - straight line, f/p - Ijyb
Aim: Ijyb, wielding a +0 dagger, wearing a +0 chain mail and carrying a wand of acid (3) (lightly wounded, poisoned, 60% to hit)
You throw a poisoned dart. The poisoned dart barely misses Ijyb.
Throw: 5 darts (poison)
Press: ? - help, Q - select action, (/) - cycle Shift-Dir - straight line, f/p - Ijyb
Aim: Ijyb, wielding a +0 dagger, wearing a +0 chain mail and carrying a wand of acid (3) (lightly wounded, poisoned, 60% to hit)
You throw a poisoned dart. The poisoned dart closely misses Ijyb.
Ijyb zaps a wand.
The bolt of acid hits you! The acid corrodes you!
You are splashed with acid!
* * * LOW HITPOINT WARNING * * *
Ijyb zaps a wand.
The bolt of acid hits you!
You die...

..#..# #.#..# #.#..#
###### # #.#..# #.....
#.###.#.#..######.##..
#................#####
(#####...######## ##_
.(##.#######.# 8..
(...g...@.(..#####.#
#...
#.##.....<.........#
8...
#########.#########...
#.# #8.. #.# #...
##.####.#
########......#
.........#.###.#
######...#...


You could see Ijyb (poisoned).

Vanquished Creatures
  2 adders (D:2)
  An orc (D:3)
  5 endoplasms
  5 goblins
  6 hobgoblins
  7 kobolds
  A quokka (D:2)
  7 ball pythons
  3 bats
  2 frilled lizards
  2 rats (D:1)
41 creatures vanquished.

Notes
Turn   | Place    | Note
-------+----------+-------------------------------------------
     0 | D:1      | croobank the Barachi Monk began the quest for the Orb.
     0 | D:1      | Reached XP level 1. HP: 18/18 MP: 1/1
   482 | D:1      | Reached XP level 2. HP: 23/25 MP: 2/2
  1552 | D:2      | Reached XP level 3. HP: 30/30 MP: 3/3
  1913 | D:2      | Reached skill level 1 in Shields
  2263 | D:2      | Reached XP level 4. HP: 37/37 MP: 4/4
  2359 | D:3      | Found a sparkling altar of Nemelex Xobeh.
  2543 | D:3      | Noticed Sigmund
  2610 | D:3      | Noticed Ijyb
  2613 | D:3      | Killed from afar by Ijyb

Illustrated notes

Levels and vault maps discovered:
D:1:      scummos_arrival_hexagon, layout_basic, serial_corexii_hall,
          corexii_hall_statues_u, chequers_hall_statues_y,
          chequers_hall_statues_corner_a, corexii_hall_statues_l,
          skrybe_limestone_x
D:2:      layout_basic, minmay_liquid_box, minivault_24, minivault_14,
          grunt_ministairs_15
D:3:      layout_loops_ring, nicolae_overflow_hidden_temple,
          hellmonk_ecumenical_altar_inner_sanctum, lexackson_kobold_supper,
          uniq_sigmund, uniq_ijyb

Skill      XL: |  1  2  3 |
---------------+----------+-----
Long Blades    | 4 |  4.3
Stealth        | 2 |  2.3
Fighting       | 4 |  4.1
Shields        | 1 |  1.5
Dodging        | |  3.7

Action                   |  1- 3 |  4- 6 || total
-------------------------+-------+-------++-------
Melee: Falchion          |   119 |    33 ||   152
Throw: Dart              |       |     6 ||     6
 Abil: Hop               |       |     1 ||     1
  Use: Scroll            |     3 |       ||     3
       Potion            |     2 |     1 ||     3
 Stab: Sleeping          |     6 |       ||     6
Armor: Robe              |    30 |     2 ||    32
       Ring mail         |       |     2 ||     2
Dodge: Dodged            |    96 |    13 ||   109
Block: Tower shield      |       |     7 ||     7
       Rpst.: Falchion   |    28 |     2 ||    30
